 Dungeon Crawl Stone Soup version 0.22-a0-305-gd21a89c538 (webtiles) character file.

1202 Oravi the Slicer (level 8, -2/52 HPs)
             Began as a Kobold Hunter on Apr 1, 2018.
             Was an Initiate of Dithmenos.
             Slain by an orc warrior
             ... wielding a +0 short sword
              (17 damage)
             ... on level 6 of the Dungeon.
             The game lasted 00:29:21 (6256 turns).

Oravi the Slicer (Kobold Hunter)                    Turns: 6256, Time: 00:29:21

Health: -2/52      AC:  9    Str: 13    XL:     8   Next: 73%
Magic:  8/8        EV: 16    Int: 12    God:    Dithmenos [......]
Gold:   125        SH:  4    Dex: 16    Spells: 7/7 levels left

rFire    . . .     SeeInvis .   b - +1 rapier (speed)
rCold    + . .     Gourm    .   (shield restricted)
rNeg     . . .     Faith    .   u - +3 leather armour
rPois    .         Spirit   .   (no helmet)
rElec    .         Reflect  +   (no cloak)
rCorr    .         Harm     .   (no gloves)
MR       .....                  (no boots)
Stlth    ++........             n - +4 amulet of reflection
HPRegen  0.17/turn              e - +3 ring of protection
MPRegen  0.11/turn              r - ring of protection from cold

@: hasted, very quick
A: small, blink, carnivore, robust 1, strong 1
a: Blink, Renounce Religion


You were on level 6 of the Dungeon.
You worshipped Dithmenos.
Dithmenos was noncommittal.
You were completely stuffed.

You visited 2 branches of the dungeon, and saw 7 of its levels.

You collected 279 gold pieces.
You spent 154 gold pieces at shops.

Inventory:

Hand Weapons
 a - a +1 hand crossbow
 b - a +1 rapier of speed (weapon)
Missiles
 d - 14 bolts
Armour
 u - a +3 leather armour (worn)
Jewellery
 e - a +3 ring of protection (left hand)
 j - an uncursed ring of flight
 n - a +4 amulet of reflection (around neck)
 r - a ring of protection from cold (right hand)
Scrolls
 c - a scroll of identify {unknown}
 g - a scroll of remove curse {unknown}
 h - 4 scrolls of teleportation
 l - a scroll of fear {unknown}
 o - a scroll of magic mapping {unknown}
 p - a scroll of random uselessness {unknown}
 q - a scroll of fog
 s - a scroll of noise {unknown}
 t - a scroll of enchant armour
 v - a scroll of amnesia
 w - a scroll of torment {unknown}
 x - a scroll of immolation {unknown}
Potions
 k - a potion of magic
 m - 2 potions of curing
Comestibles
 f - 14 rations
 z - 3 chunks of flesh


   Skills:
 + Level 3.7 Fighting
 + Level 10.6 Short Blades
 + Level 6.2 Crossbows
 + Level 3.5 Dodging
 + Level 2.6 Stealth


You had 7 spell levels left.
You didn't know any spells.

Dungeon Overview and Level Annotations

Branches:
Dungeon (6/15)             Temple (1/1) D:5

Altars:
Ashenzari
Dithmenos
Elyvilon
Gozag
Kikubaaqudgha
Makhleb
Nemelex Xobeh
Okawaru
Ru
Sif Muna
Uskayaw
Wu Jian
Xom
Yredelemnul
Zin
Lugonu

Shops:
D:4 %   D:5 (

Annotations:
D:5 1 runed door


Innate Abilities, Weirdness & Mutations

You are small and have problems with some larger weapons.
You are carnivorous and can eat meat at any time.
You can translocate small distances at will.
You are robust. (+10% HP)
Your muscles are strong. (Str +2)


Message History

The orc warrior is heavily wounded.
You hit the orc warrior.
The orc warrior is heavily wounded.
The orc warrior hits you with a short sword!
* * * LOW HITPOINT WARNING * * *
You feel better.
The orc warrior hits you with a short sword.
* * * LOW HITPOINT WARNING * * *
You feel better. The orc warrior closely misses you.
You feel better.
The orc warrior hits you with a short sword.
You hit the orc warrior but do no damage.
The orc warrior is heavily wounded.
You feel yourself speed up.
The orc warrior hits you with a short sword!
* * * LOW HITPOINT WARNING * * *
You hit the orc warrior.
The orc warrior is severely wounded.
The orc warrior hits you with a short sword!
You die...

#.# ≈#.(.# #.######≈#
≈.(...# #.##..[.≈#
.....(.##
#.##.###≈###§§....r<#
#.##.#
≈≈§§§...(.....#
#....#
#o)§.(...c.##.#
##)#.# #o#...(...##
.. #)#<# #o##...([.
## #.#.# #@###...##
#.#.# #.# #..#
#.#.#####.###..
#.#....>....#
#.#######.#.# #.#
#.#.# #.# #.# # ...
###


You could see an orc warrior and 2 orcs.

Vanquished Creatures
  A phantom (D:5)
  3 centaurs
  Blork the orc (D:4)
  A bullfrog (D:6)
  2 scorpions
  3 crimson imps
  A hound (D:5)
  An orc priest (D:5)
  3 orc wizards
  An iguana (D:5)
  2 worker ants
  A hound zombie (D:5)
  3 gnolls (D:6)
  16 adders
  2 shadow imps (D:5)
  An adder zombie (D:2)
  2 adder skeletons (D:4)
  2 worms
  2 dart slugs
  7 leopard geckos
  13 orcs
  5 giant cockroaches
  2 gnoll zombies (D:4)
  5 goblins
  2 hobgoblins
  3 jackals (D:4)
  5 quokkas
  A ball python (D:2)
  6 bats
  7 frilled lizards
  6 kobolds
  4 rats
114 creatures vanquished.

Notes
Turn   | Place    | Note
-------+----------+-------------------------------------------
     0 | D:1      | Oravi the Kobold Hunter began the quest for the Orb.
     0 | D:1      | Reached XP level 1. HP: 12/12 MP: 1/1
    16 | D:1      | Reached skill level 1 in Short Blades
   221 | D:1      | Reached skill level 2 in Short Blades
   221 | D:1      | Reached XP level 2. HP: 17/17 MP: 2/2
   693 | D:2      | Reached skill level 3 in Short Blades
   693 | D:2      | Reached XP level 3. HP: 21/21 MP: 3/3
   759 | D:2      | Reached skill level 4 in Short Blades
   865 | D:2      | Reached XP level 4. HP: 22/26 MP: 4/4
  1004 | D:2      | Reached skill level 5 in Short Blades
  1210 | D:2      | Found an ornate altar of the Wu Jian Council.
  1840 | D:2      | Reached XP level 5. HP: 30/30 MP: 5/5
  2056 | D:3      | Found an ancient bone altar of Kikubaaqudgha.
  2072 | D:3      | Noticed a centaur
  2083 | D:3      | Killed a centaur
  2083 | D:3      | Reached skill level 7 in Short Blades
  2083 | D:3      | Reached XP level 6. HP: 22/35 MP: 6/6
  2199 | D:3      | Found a sacrificial altar of Ru.
  2331 | D:3      | Found a deep blue altar of Sif Muna.
  3091 | D:4      | Noticed Blork the orc
  3110 | D:4      | Killed Blork the orc
  3110 | D:4      | Reached skill level 8 in Short Blades
  3168 | D:4      | Found an iron altar of Okawaru.
  3318 | D:4      | Reached XP level 7. HP: 40/40 MP: 7/7
  3413 | D:4      | Gained mutation: You can translocate small distances at will. [potion of mutation]
  3413 | D:4      | Gained mutation: Your muscles are strong. (Str +2) [potion of mutation]
  3413 | D:4      | Gained mutation: You are robust. (+10% HP) [potion of mutation]
  3418 | D:4      | Reached skill level 9 in Short Blades
  3693 | D:4      | Found a glowing silver altar of Zin.
  3896 | D:4      | Found a basalt altar of Yredelemnul.
  4081 | D:4      | Found Moiplerch's Food Shop.
  4162 | D:4      | Found a shattered altar of Ashenzari.
  4389 | D:5      | Entered Level 5 of the Dungeon
  4472 | D:5      | Reached skill level 5 in Crossbows
  4731 | D:5      | Reached skill level 10 in Short Blades
  4731 | D:5      | Reached XP level 8. HP: 46/49 MP: 8/8
  4772 | D:5      | Found an opulent altar of Gozag.
  5435 | D:5      | Found a staircase to the Ecumenical Temple.
  5496 | Temple   | Entered the Ecumenical Temple
  5533 | Temple   | Became a worshipper of Dithmenos the Shadowed
  5603 | D:5      | Found Ezenus's Antique Weapon Shoppe.
  5611 | D:5      | Bought a glowing rapier for 154 gold pieces
  5799 | D:5      | Found a runed door.
  6256 | D:6      | Slain by an orc warrior

Vault maps used:
D:1:      dpeg_arrival_stonehenge_8_columns, st_stairs_13,
          minmay_misc_feat_plants
D:2:      marbit_many_paths
D:3:      lemuel_crystal_altar, lemuel_round_altar,
          nicolae_overflow_crystal_walls
D:4:      lemuel_zombie_altar_yredelemnul, okawaru_ov_weapons_minmay,
          lemuel_doored_altar, nicolae_overflow_hidden_temple, serial_shops,
          kennysheep_mini, uniq_blork_the_orc
D:5:      lemuel_crystal_altar, minmay_temple_entry_glass, first_ration,
          serial_shops, nicolae_shop_temple_entry_statues_fountains,
          kennysheep_flooded_box, uniq_crazy_yiuf_cottage
D:6:      kennysheep_mini_moat, serial_shops, nicolae_shop_overgrown_old_shop,
          uniq_sigmund
Temple:   corrupted_temple

Skill      XL: |  1  2  3  4  5  6  7  8 |
---------------+-------------------------+-----
Short Blades   | 2 3 4 5 7 8 10 | 10.6
Crossbows      | 5 6 |  6.2
Dodging        | 3 |  3.5
Fighting       | 3 |  3.7
Stealth        | 2 |  2.6

Action                   |  1- 3 |  4- 6 |  7- 9 || total
-------------------------+-------+-------+-------++-------
Melee: Short sword       |    70 |   237 |   195 ||   502
       Rapier            |       |       |    57 ||    57
 Fire: Hand crossbow     |    15 |    45 |    57 ||   117
  Use: Potion            |       |     1 |    11 ||    12
       Scroll            |       |       |     4 ||     4
 Stab: Sleeping          |     1 |     5 |       ||     6
  Eat: Chunk             |     8 |     8 |     9 ||    25
Armor: Leather armour    |     8 |    46 |    40 ||    94
Dodge: Dodged            |    57 |   146 |    98 ||   301
Block: Other             |       |    34 |    24 ||    58
       Reflection        |       |     1 |     3 ||     4

Table legend:
 A = Spawn XP
 B = Non-spawn XP
 C = Spawn XP percentage of total XP
 D = Spawn monster count
 E = Non-spawn monster count
 F = Spawn count percentage of total count
 G = Total turns spent on level
                    A         B        C        D         E        F      G
               +---------+---------+-------+---------+---------+-------+---------
         Total |       0 |    1718 |   0.0 |       0 |     114 |   0.0 |  6256
               +---------+---------+-------+---------+---------+-------+---------
           D:1 |       0 |      16 |   0.0 |       0 |      11 |   0.0 |   693
           D:2 |       0 |     135 |   0.0 |       0 |      28 |   0.0 |  1237
           D:3 |       0 |     180 |   0.0 |       0 |      21 |   0.0 |   976
           D:4 |       0 |     399 |   0.0 |       0 |      19 |   0.0 |  1483
           D:5 |       0 |     669 |   0.0 |       0 |      26 |   0.0 |  1661
           D:6 |       0 |     319 |   0.0 |       0 |       9 |   0.0 |   152
               +---------+---------+-------+---------+---------+-------+---------
